 Dungeon Crawl Stone Soup version 0.27-a0-277-g024f7ef292 (webtiles) character file.

Game seed: 5429868173336655214

6227 Astera the Slicer (level 10, -24/88 HPs)
             Began as a Palentonga Fighter on Feb 3, 2021.
             Was a Believer of Ru.
             Annihilated by a white ugly thing (35 damage)
             ... on level 10 of the Dungeon on Feb 6, 2021.
             The game lasted 00:38:37 (11351 turns).

Astera the Slicer (Palentonga Fighter)             Turns: 11351, Time: 00:38:37

Health: -24/88     AC: 18    Str: 23    XL:     10   Next: 61%
Magic:  9/9        EV:  7    Int: 12    God:    Ru [**....]
Gold:   520        SH: 10    Dex:  8    Spells: 9/9 levels left

rFire    + + +     SeeInvis +   y - +7 rapier "ETAOIN SHRDLU" {elec, rElec Int+4}
rCold    . . .     Faith    .   c - +0 kite shield
rNeg     . . .     Spirit   .   L - +2 scale mail {Will+}
rPois    .         Reflect  .   J - +0 helmet (curse)
rElec    +         Harm     .   (no cloak)
rCorr    .         Rampage  .   (no gloves)
Will     ++...                  (no barding)
Stlth    ..........             (no amulet)
HPRegen  0.24/turn              u - ring of Fragile Peace {*Drain rF+++ Dex-2 Slay+5 SInv}
MPRegen  0.11/turn              i - ring of willpower

@: curled up
A: large, rugged brown scales 3, see invisible, deformed body, low mp 1, no
stealth, hated by all, roll 1, armoured tail, reflexive curl
a: Rolling Charge, Renounce Religion


You were on level 10 of the Dungeon.
You worshipped Ru.
Ru was pleased with you.
You visited 1 branch of the dungeon, and saw 11 of its levels.

You collected 520 gold pieces.

Inventory:

Hand Weapons
 a - a +0 flail
 l - a +4 whip
 y - the +7 rapier "ETAOIN SHRDLU" (weapon) {elec, rElec Int+4}
   (You found it on level 5 of the Dungeon)

   Occasionally, upon striking a foe, it can discharge electrical energy and
   cause terrible harm.
   It affects your intelligence (+4).
   It insulates you from electricity.
Missiles
 P - 13 boomerangs
Armour
 c - a +0 kite shield (worn)
 J - a cursed +0 helmet (worn)
 L - a +2 scale mail of willpower (worn)
Jewellery
 i - a ring of willpower (right hand)
 r - an uncursed ring of wizardry {unknown}
 u - the ring of Fragile Peace (left hand) {*Drain rF+++ Dex-2 Slay+5 SInv}
   (You found it on level 4 of the Dungeon)

   [ring of see invisible]

   It affects your dexterity (-2).
   It affects your accuracy and damage with ranged weapons and melee attacks
   (+5).
   It renders you almost immune to fire.
   It lets you see invisible.
   It causes draining when unequipped.
 E - an uncursed ring of wizardry {unknown}
 F - an uncursed ring of magical power {unknown}
Wands
 h - a wand of mindburst (14)
 s - a wand of acid (15)
 w - a wand of polymorph (20)
 I - a wand of flame (25)
 M - a wand of digging (8)
Scrolls
 f - 8 scrolls of fear
 k - 7 scrolls of magic mapping
 m - a scroll of enchant armour {unknown}
 n - 7 scrolls of identify
 o - 2 scrolls of enchant weapon {unknown}
 p - 6 scrolls of teleportation {unknown}
 z - a scroll of amnesia {unknown}
 D - 2 scrolls of silence {unknown}
 G - a scroll of immolation {unknown}
 H - 3 scrolls of remove curse
Potions
 b - 3 potions of brilliance {unknown}
 d - a potion of might
 e - 2 potions of degeneration {unknown}
 g - 3 potions of mutation {unknown}
 j - a potion of attraction {unknown}
 q - 10 potions of curing
 t - a potion of invisibility {unknown}
 v - 3 potions of heal wounds {unknown}
 x - a potion of ambrosia {unknown}
 A - a potion of magic {unknown}
 B - a potion of berserk rage {unknown}
 C - a potion of lignification {unknown}
 K - a potion of haste {unknown}
 N - a potion of flight {unknown}
Miscellaneous
 O - a condenser vane


   Skills:
 + Level 6.2 Fighting
 + Level 10.1 Short Blades
 - Level 5.0 Maces & Flails
 + Level 6.3 Armour
 + Level 2.6 Dodging
 + Level 5.4 Shields
 * Level 2.3 Evocations


You had 9 spell levels left.
You didn't know any spells.
Your spell library contained the following spells:

 Spells                   Type           Power        Failure   Level
 Pain                     Necr           0%           86%         1
 Vampiric Draining        Necr           0%           99%         3
 Agony                    Necr           0%           100%        5
 Animate Skeleton         Necr           Unusable     N/A         1
 Summon Small Mammal      Summ           Unusable     N/A         1
 Call Imp                 Summ           Unusable     N/A         2
 Call Canine Familiar     Summ           Unusable     N/A         3
 Summon Guardian Golem    Hex/Summ       Unusable     N/A         3
 Animate Dead             Necr           Unusable     N/A         4
 Summon Ice Beast         Ice/Summ       Unusable     N/A         4
 Summon Lightning Spire   Summ/Air       Unusable     N/A         4

Dungeon Overview and Level Annotations

Branches:
Dungeon (11/15)            Temple (0/1) D:5            Lair (0/6) D:11
    Orc (0/2) D:10

Altars:
Ashenzari
Cheibriados
Dithmenos
Elyvilon
Fedhas
Kikubaaqudgha
Makhleb
Nemelex Xobeh
Okawaru
Qazlal
Ru
Sif Muna
Vehumet

Shops:
D:8 !


Innate Abilities, Weirdness & Mutations

You are completely covered in rugged brown scales. (AC +3, +7% HP)
You have supernaturally acute eyesight. (SInv)
Armour fits poorly on your strangely shaped body.
Your magical capacity is low. (-10% MP)
You cannot be stealthy.
You are hated by all.
You can roll at nearby foes to attack.
You have a long armoured tail.
You curl defensively after being hit.


Message History

The white ugly thing is lightly wounded.
The white ugly thing tail-slaps you. The white ugly thing freezes you!!
You puncture the white ugly thing!
The white ugly thing is moderately wounded.
The white ugly thing tail-slaps you. The white ugly thing freezes you!!
* * * LOW HITPOINT WARNING * * *
There is a stone staircase leading up here.
The centaur is stunned by your conviction and fails to attack.
The white ugly thing tail-slaps you but does no damage.
You climb upwards.
There is a stone staircase leading down here.
There is a stone staircase leading down here.
You block the white ugly thing's attack.
There is a stone staircase leading up here.
The white ugly thing tail-slaps you but does no damage.
The white ugly thing completely misses you.
The white ugly thing tail-slaps you!
* * * LOW HITPOINT WARNING * * *
The white ugly thing freezes you!!
You die...

.##..##......#..........#.##.....
...[.............................
.##..##)..........#..####........
..####...##......##..............
........###...............##..##.
#######'#...##.##.....##..#...#..
........##..#..###.....##.#......
..####...##....##.......#........
.##..##.8.#...##@................
.'....))..#....u.....<...........
.##..##.8.##...........#>......#.
..####...####.##.................
.......)#####...................#
#######)#.#.#....##.............#
........##....##...#.............
..####...####..#...#.............
.##..##....###.#.................


You could see a white ugly thing.

Vanquished Creatures
  A two-headed ogre (D:10)
  2 ugly things (D:11)
  A troll (D:10)
  Sigmund (D:2)
  A wyvern (D:10)
  Eustachio (D:4)
  A warg (D:10)
  A steam dragon (D:10)
  6 orc warriors
  A sky beast (D:5)
  4 ogres
  3 centaurs
  2 big kobolds
  7 bullfrogs
  A wyvern skeleton (D:7)
  A scorpion (D:11)
  A killer bee (D:10)
  5 wights
  3 howler monkeys
  6 hounds
  4 jellies
  A quasit (D:10)
  A centaur skeleton (D:6)
  3 bullfrog zombies
  2 iguanas
  4 orc priests
  4 bullfrog skeletons
  Natasha (twice) (D:2)
  9 orc wizards
  8 worker ants
  A killer bee zombie (D:2)
  2 hound skeletons
  A worker ant zombie (D:10)
  8 gnolls
  A howler monkey skeleton (D:10)
  9 adders
  4 white imps
  4 ufetubi
  5 oozes (D:9)
  2 adder zombies
  2 worms (D:2)
  4 dart slugs
  6 leopard geckos
  31 orcs
  2 ball pythons
  9 bats
  7 giant cockroaches
  11 goblins
  9 hobgoblins
  10 jackals
  5 quokkas
  4 frilled lizards
  A jackal zombie (D:5)
  18 kobolds
  7 rats
250 creatures vanquished.

Vanquished Creatures (others)
  An orc (D:9)
1 creature vanquished.

Grand Total: 251 creatures vanquished

Notes
Turn   | Place    | Note
-------+----------+-------------------------------------------
     0 | D:1      | Astera the Palentonga Fighter began the quest for the Orb.
     0 | D:1      | Reached XP level 1. HP: 20/20 MP: 1/1
   539 | D:1      | Reached XP level 2. HP: 19/27 MP: 2/2
   764 | D:1      | Reached XP level 3. HP: 33/33 MP: 3/3
  1472 | D:2      | Found a white marble altar of Elyvilon.
  1845 | D:2      | Reached XP level 4. HP: 31/40 MP: 4/4
  1969 | D:2      | Found an ancient bone altar of Kikubaaqudgha.
  2047 | D:2      | Noticed Sigmund
  2238 | D:2      | Found an iron altar of Okawaru.
  2238 | D:2      | Noticed Natasha
  2350 | D:2      | Killed Natasha
  2359 | D:2      | Reached skill level 1 in Dodging
  2359 | D:2      | Reached XP level 5. HP: 29/49 MP: 5/5
  2485 | D:2      | Noticed Natasha
  2490 | D:2      | Killed Natasha
  3173 | D:3      | Found a sacrificial altar of Ru.
  3178 | D:3      | Became a worshipper of Ru the Awakened
  3365 | D:2      | Killed Sigmund
  3366 | D:2      | Reached XP level 6. HP: 32/55 MP: 6/6
  3497 | D:4      | Found a broken altar of Ashenzari.
  3518 | D:4      | Found a sparkling altar of Nemelex Xobeh.
  3537 | D:4      | Got a translucent lapis lazuli ring
  3539 | D:4      | Identified the ring of Fragile Peace {*Drain rF+++ Dex-2
                  | Slay+5 SInv} (You found it on level 4 of the Dungeon)
  3786 | D:4      | Gained mutation: You curl defensively after being hit.
                  | [Palentonga growth]
  3786 | D:4      | Reached XP level 7. HP: 59/64 MP: 7/7
  4131 | D:4      | Noticed Eustachio
  4147 | D:4      | Killed Eustachio
  4370 | D:5      | Entered Level 5 of the Dungeon
  4386 | D:5      | Found a staircase to the Ecumenical Temple.
  4469 | D:5      | Gained mutation: You are hated by all. [Ru sacrifice]
  4469 | D:5      | Reached * piety under Ru
  4470 | D:5      | Upgraded the game from 0.27-a0-245-g075faa5519 to
                  | 0.27-a0-277-g024f7ef292
  4489 | D:5      | Reached skill level 5 in Maces & Flails
  4498 | D:5      | Got an ancient rapier
  4499 | D:5      | Identified the +7 rapier "ETAOIN SHRDLU" {elec, rElec
                  | Int+4} (You found it on level 5 of the Dungeon)
  4615 | D:5      | Reached skill level 1 in Short Blades
  5343 | D:6      | Reached XP level 8. HP: 71/71 MP: 8/8
  5344 | D:6      | Reached skill level 2 in Short Blades
  5444 | D:6      | Reached skill level 3 in Short Blades
  5533 | D:6      | Reached skill level 5 in Fighting
  5655 | D:6      | Got a bloodstained trident
  5656 | D:6      | Identified the +1 trident "Hien" {flame, *Noise rElec rN+}
                  | (You found it on level 6 of the Dungeon)
  5933 | D:7      | Reached skill level 4 in Short Blades
  6353 | D:7      | Found a snail-covered altar of Cheibriados.
  6391 | D:7      | Found a stormy altar of Qazlal.
  6445 | D:7      | Reached skill level 5 in Short Blades
  6445 | D:7      | Reached skill level 5 in Armour
  6584 | D:7      | Reached XP level 9. HP: 75/79 MP: 9/9
  6625 | D:7      | Gained mutation: Your magical capacity is low. (-10% MP)
                  | [Ru sacrifice]
  6625 | D:7      | Reached ** piety under Ru
  6687 | D:7      | Found a burning altar of Makhleb.
  6925 | D:7      | Reached skill level 6 in Short Blades
  7189 | D:8      | Found Qaseeqed's Distillery.
  7481 | D:8      | Found a sparkling altar of Nemelex Xobeh.
  7785 | D:8      | Found a blossoming altar of Fedhas.
  7791 | D:8      | Found a shadowy altar of Dithmenos.
  7796 | D:8      | Found a radiant altar of Vehumet.
  8205 | D:9      | Found a shimmering blue altar of Sif Muna.
  8620 | D:9      | Found an iron altar of Okawaru.
  9057 | D:10     | Entered Level 10 of the Dungeon
  9065 | D:9      | Reached skill level 7 in Short Blades
  9065 | D:9      | Reached skill level 5 in Shields
  9092 | D:10     | Noticed a two-headed ogre
  9096 | D:10     | Killed a two-headed ogre
  9097 | D:10     | Reached skill level 8 in Short Blades
  9263 | D:10     | Gained mutation: You cannot be stealthy. [Ru sacrifice]
  9430 | D:10     | Reached XP level 10. HP: 44/88 MP: 9/9
  9701 | D:10     | Reached skill level 9 in Short Blades
  9710 | D:10     | Reached skill level 1 in Evocations
  9998 | D:10     | Found a staircase to the Orcish Mines.
 10418 | D:11     | Noticed a green ugly thing
 10438 | D:11     | Killed a green ugly thing
 10575 | D:11     | Noticed a cyan ugly thing
 10599 | D:10     | Reached skill level 10 in Short Blades
 10891 | D:11     | Killed a cyan ugly thing
 10998 | D:11     | Noticed a death yak
 11001 | D:11     | Found a staircase to the Lair.
 11002 | D:11     | Noticed a death yak
 11310 | D:11     | Noticed a white ugly thing
 11351 | D:10     | Annihilated by a white ugly thing

Illustrated notes

Levels and vault maps discovered:
D:1:      dpeg_arrival_refuge, layout_basic
D:2:      layout_loops_ring, old_standard_altar, okawaru_ov_weapons_minmay,
          lemuel_doored_altar, uniq_natasha, uniq_sigmund
D:3:      layout_rooms, marbit_many_paths, serial_corexii_hall,
          corexii_hall_statues_l, corexii_hall_statues_l, corexii_hall_statues_i
D:4:      layout_basic, cheibrodos_ashenzari_chains, minivault_26,
          minmay_misc_feat_diagonals, hangedman_decor_opposing,
          nemelex_lonely_heart_becter, uniq_eustachio
D:5:      layout_basic, minmay_temple_entry_butterflies
D:6:      layout_rooms
D:7:      layout_loops_ring, kennysheep_mini, cheibriados_altar_1,
          grunt_qazlal_sundering, glass_columns_a
D:8:      layout_basic, nicolae_overflow_hidden_temple,
          minmay_overflow_temple_star_quad, serial_shops, kennysheep_little_box,
          grunt_tough_drop
D:9:      layout_roguey, lemuel_round_altar, basic_altar,
          hangedman_little_slice_of_home
D:10:     layout_cave_pools, david_orc_1_choice
D:11:     layout_basic, dpeg_lair_monsters, amcnicky_mini_pool_medium

Skill      XL: |  1  2  3  4  5  6  7  8  9 10 |
---------------+-------------------------------+-----
Shields        | 3 4 5 |  5.4
Armour         | 3 4 5 6 |  6.3
Dodging        | 1 2 |  2.6
Maces & Flails | 3 4 5 |  5.0
Fighting       | 4 5 6 |  6.2
Short Blades   | 1 5 8 10 | 10.1
Evocations     | 2 |  2.3

Action                   |  1- 3 |  4- 6 |  7- 9 | 10-12 || total
-------------------------+-------+-------+-------+-------++-------
Melee: Flail             |   113 |       |       |       ||   113
       Tailslap          |    12 |    13 |    28 |    20 ||    73
       Whip              |    40 |   104 |    53 |       ||   197
       Rapier            |       |       |   234 |   100 ||   334
Invok: Sacrifice Love    |       |       |     1 |       ||     1
       Sacrifice Essence |       |       |     1 |       ||     1
       Sacrifice Stealth |       |       |     1 |       ||     1
 Abil: Rolling Charge    |    10 |     3 |    13 |     1 ||    27
  Use: Scroll            |       |       |     4 |       ||     4
Armor: Scale mail        |    89 |    62 |    70 |    41 ||   262
Dodge: Dodged            |    30 |    27 |    62 |    30 ||   149
Block: Kite shield       |   104 |    58 |    92 |    56 ||   310

Table legend: (Time is in decaauts)
 A = Elapsed time spent in this place.
 B = Non-inter-level travel time spent in this place.
 C = Inter-level travel time spent in this place.
 D = Time resting spent in this place.
 E = Time spent auto-exploring this place.
 F = Levels seen in this place.
 G = Mean time per level.
                   A        B        C        D        E       F      G
               +--------+--------+--------+--------+--------+-----+--------+
         Total |  11449 |  11176 |    273 |   1935 |   6908 |  11 | 1040.8 |
       Dungeon |  11449 |  11176 |    273 |   1935 |   6908 |  11 | 1040.8 |
               +--------+--------+--------+--------+--------+-----+--------+

Top non-repeatable levels by time:
     D:1: 1958 daAuts
    D:10: 1750 daAuts
     D:7: 1193 daAuts
     D:9: 1116 daAuts
     D:8: 1041 daAuts
     D:2: 982 daAuts
     D:5: 947 daAuts
     D:4: 876 daAuts
     D:3: 639 daAuts
     D:6: 592 daAuts
    D:11: 349 daAuts
